 Dungeon Sprint DCSS version 0.29-a0-817-g9904bce7a6 (webtiles) character file.

Game seed: 16025827872106601985

3390 mhtbhm the Grappler (level 9, -7/93 HPs)
             Began as a Pale Draconian Transmuter on July 6, 2022.
             Was an Initiate of Gozag.
             Mangled by Gastronok (34 damage)
             ... in the Dungeon (Sprint VII: "The Pits").
             The game lasted 00:03:45 (1498 turns).

mhtbhm the Grappler (Pale Draconian Transmuter)     Turns: 1498, Time: 00:03:46

Health: -7/93      AC:  7    Str: 17    XL:     9   Next: 74%
Magic:  20/21      EV: 12    Int: 13    God:    Gozag
Gold:   2241       SH:  0    Dex: 12    Spells: 15/25 levels left

rFire   x . .      SeeInvis .     - Unarmed
rCold   + + +      Faith    .   (shield currently unavailable)
rNeg    . . .      Spirit   .   (body armour unavailable)
rPois   +          Reflect  .   (helmet currently unavailable)
rElec   .          Harm     .   (cloak currently unavailable)
rCorr   .          Rampage  .   (gloves currently unavailable)
Will    .....      NoTele   +   (boots currently unavailable)
Stlth   ++........              (no amulet)
HPRegen 0.25/turn               (no ring)
MPRegen 0.17/turn               (no ring)

@: ice-form (expiring), wereblooded (expiring), gold aura, on berserk cooldown,
slowed, very slow
A: freezing attack, amphibious, boosted hp, (breathe steam), AC +7, large,
unfitting armour, (cold-blooded), (steam resistance)
a: End Transformation, Renounce Religion, Potion Petition, Call Merchant, Bribe
Branch


You were in the Dungeon.
You worshipped Gozag.
Gozag was most pleased with you.
You were a creature of crystalline ice.
You visited 1 branch You collected 2241 gold pieces.

Inventory:

Armour
 n - a +0 cloak (melded)
Jewellery
 k - a +3 ring of dexterity
 l - a +3 ring of evasion
Scrolls
 i - 5 scrolls of amnesia
 j - a scroll of summoning
Potions
 a - a potion of lignification
 b - 6 potions of curing
 c - 8 potions of heal wounds
 d - 2 potions of haste
 e - 4 potions of magic
 f - 2 potions of berserk rage
 h - 2 potions of invisibility
 m - a potion of resistance
 o - 2 potions of mutation


   Skills:
 + Level 6.8 Fighting
 + Level 8.2 Dodging
 + Level 4.0 Stealth
 + Level 14.9 Unarmed Combat
 + Level 8.5 Spellcasting
 + Level 9.1 Transmutations
 + Level 3.1 Ice Magic
 + Level 2.0 Poison Magic


You had 15 spell levels left.
You knew the following spells:

 Your Spells              Type           Power      Damage    Failure   Level
a - Beastly Appendage     Tmut           58%        N/A       1%          1
b - Wereblood             Tmut           29%        N/A       1%          2
c - Spider Form           Tmut/Pois      20%        N/A       4%          3
d - Ice Form              Ice/Tmut       21%        N/A       11%         4

Your spell library contained the following spells:

 Spells                   Type           Power      Damage    Failure   Level


Dungeon Overview and Level Annotations

Branches:
Dungeon (1/1)

Altars:
Ashenzari
Cheibriados
Dithmenos
Elyvilon
Fedhas
Gozag
Hepliaklqana
Kikubaaqudgha
Makhleb
Nemelex Xobeh
Okawaru
Qazlal
Ru
Sif Muna
Trog
Uskayaw
Vehumet
Wu Jian
Xom
Yredelemnul
Zin
The Shining One
Jiyva
Lugonu

Annotations:
D Gastronok


Innate Abilities, Weirdness & Mutations

You are a creature of crystalline ice.
You have a powerful freezing melee attack.
You are amphibious.
Your maximum health is increased.
Your armour is entirely melded.
You are incapable of wielding weapons or throwing items.
((You can breathe blasts of scalding, opaque steam.))
((Your pale cyan-grey scales are hard. (AC +7)))
You cannot fit into any form of body armour.
((You are cold-blooded and may be slowed by cold attacks.))
((You are immune to the effects of steam.))


Message History

The yak is lightly wounded.
The bog body casts a spell at you.
You feel yourself slow down. The yak barely misses you.
You pulverise the yak!!!
You freeze the yak!
You feel a bit better.
You kill the yak!
The bog body is distracted by your dazzling golden aura.
Your Dodging skill increases to level 8!
You howl as the wereblood boils in your veins!
Gastronok waves his eye-stalks in wide circles.
The air twists around and strikes you!!
You feel a strong urge to attack something.
Your primal bloodlust is almost over.
The bog body is no longer distracted by gold.
The bog body casts a spell at you.
You feel as though you will be slow longer.
You pummel the bog body!! You freeze the bog body.
The bog body is severely damaged.
You are no longer berserk.
You are exhausted.
You feel as though you will be slow longer.
You punch the bog body!
You feel a bit better.
You destroy the bog body!
Gastronok bites you!!
* * * LOW HITPOINT WARNING * * *
Your Stealth skill increases to level 4!
Your Transmutations skill increases to level 9!
Your Ice Magic skill increases to level 3!
Your Poison Magic skill increases to level 2!
You are too injured to fight recklessly!
Unknown command.
Unknown command.
You pummel Gastronok!! You freeze Gastronok.
Gastronok is lightly wounded.
Your transformation is almost over.
You punch Gastronok! You freeze Gastronok.
Gastronok is moderately wounded.
Gastronok gurgles.
Gastronok bites you!!
You die...
Your body crumbles into a pile of gold.

.##................#
)#####'#####''######
)##.......##''########
)##.......##......'..+
[##.......##......'..+
###...<...##.....##..##
.##.......##...###....##
.##.......##..##.$......
###.......##$$#.Yw#..#w.
.###########...$.$......
############++#...#..#..
#....#...[# ##........
#....#..[[# ###....##
'....'..))# #..##
#....#..))# ..+
#....#..))# ..+
########### ##


You could see Gastronok (swift).

Vanquished Creatures
  A hydra (D)
  A bog body (D)
  A demonic crawler (D)
  A freezing wraith (D)
  A hornet (D)
  A flying skull (D)
  3 yaks (D)
  A redback (D)
  2 wargs (D)
  Menkaure (D)
  A floating eye (D)
  A sky beast (D)
  A centaur (D)
  A wolf (D)
  A phantom (D)
  A scorpion (D)
  A gnoll bouda (D)
  An adder zombie (D)
  3 orcs (D)
  A goblin (D)
  A hobgoblin (D)
  10 jackals (D)
  A kobold (D)
  A quokka (D)
  A ball python (D)
  A frilled lizard (D)
40 creatures vanquished.

Notes
Turn   | Place    | Note
-------+----------+-------------------------------------------
     0 | D        | mhtbhm the Draconian Transmuter began the quest for the
                  | Orb.
     0 | D        | Reached XP level 1. HP: 16/16 MP: 3/3
    17 | D        | Found a bloodstained altar of Trog.
    17 | D        | Found a shimmering blue altar of Sif Muna.
    17 | D        | Found a viscous altar of Jiyva.
    17 | D        | Found a hazy altar of Hepliaklqana.
    17 | D        | Found an opulent altar of Gozag.
    18 | D        | Found a glowing golden altar of the Shining One.
    18 | D        | Found a glowing silver altar of Zin.
    18 | D        | Found a basalt altar of Yredelemnul.
    18 | D        | Found a shimmering altar of Xom.
    18 | D        | Found an ornate altar of the Wu Jian Council.
    18 | D        | Found a sacrificial altar of Ru.
    18 | D        | Found a stormy altar of Qazlal.
    18 | D        | Found an iron altar of Okawaru.
    18 | D        | Found a sparkling altar of Nemelex Xobeh.
    18 | D        | Found a burning altar of Makhleb.
    18 | D        | Found a blossoming altar of Fedhas.
    18 | D        | Found a white marble altar of Elyvilon.
    18 | D        | Found a shadowy altar of Dithmenos.
    18 | D        | Found a snail-covered altar of Cheibriados.
    20 | D        | Found a radiant altar of Vehumet.
    20 | D        | Found a corrupted altar of Lugonu.
    21 | D        | Found a hide-covered altar of Uskayaw.
    21 | D        | Found an ancient bone altar of Kikubaaqudgha.
    21 | D        | Found a broken altar of Ashenzari.
    31 | D        | Became a worshipper of Gozag Ym Sagoz the Greedy
   288 | D        | Noticed a floating eye
   291 | D        | Reached skill level 4 in Unarmed Combat
   297 | D        | Paralysed by a floating eye for 4 turns
   302 | D        | Killed a floating eye
   303 | D        | Reached skill level 7 in Unarmed Combat
   303 | D        | Reached XP level 2. HP: 9/25 MP: 3/6
   303 | D        | Reached XP level 3. HP: 11/30 MP: 4/8
   303 | D        | Reached XP level 4. HP: 14/37 MP: 4/9
   493 | D        | Noticed Menkaure
   514 | D        | Killed Menkaure
   515 | D        | Reached skill level 8 in Unarmed Combat
   515 | D        | Reached XP level 5. HP: 14/45 MP: 9/11
   772 | D        | Noticed a flying skull
   778 | D        | Learned a level 2 spell: Wereblood
   782 | D        | Learned a level 3 spell: Spider Form
   787 | D        | Learned a level 4 spell: Ice Form
   796 | D        | Killed a flying skull
   797 | D        | Reached skill level 5 in Dodging
   797 | D        | Reached skill level 10 in Unarmed Combat
   797 | D        | Reached skill level 5 in Spellcasting
   797 | D        | Reached skill level 5 in Transmutations
   797 | D        | Reached XP level 6. HP: 39/52 MP: 7/14
   799 | D        | Noticed a sky beast
   810 | D        | Killed a sky beast
   811 | D        | Your scales start taking on a pale cyan-grey colour.
   811 | D        | Reached XP level 7. HP: 60/60 MP: 8/15
   811 | D        | Gained mutation: You are immune to the effects of steam.
                  | [Pale Draconian growth]
   814 | D        | Reached skill level 1 in Stealth
   814 | D        | Reached skill level 11 in Unarmed Combat
   890 | D        | Reached skill level 5 in Fighting
  1055 | D        | Noticed a five-headed hydra
  1055 | D        | Noticed a freezing wraith
  1058 | D        | Reached skill level 12 in Unarmed Combat
  1063 | D        | Killed a freezing wraith
  1064 | D        | Reached XP level 8. HP: 66/69 MP: 11/18
  1067 | D        | Killed a five-headed hydra
  1068 | D        | Reached skill level 13 in Unarmed Combat
  1068 | D        | Reached skill level 1 in Ice Magic
  1068 | D        | Reached skill level 1 in Poison Magic
  1298 | D        | Noticed a demonic crawler
  1303 | D        | Killed a demonic crawler
  1304 | D        | Reached XP level 9. HP: 47/75 MP: 13/20
  1468 | D        | Reached skill level 14 in Unarmed Combat
  1474 | D        | Noticed Gastronok
  1474 | D        | Noticed a bog body
  1496 | D        | Killed a bog body
  1498 | D        | Mangled by Gastronok

Illustrated notes

Levels and vault maps discovered:
D:        pitsprint [storerooms_1, entrance_room_1, metal_vault_4, armoury_2,
          mini_pit_1, grid_room_1, main_hall_1, silver_pit, the_coven_1,
          the_vestibule_1, steel_vault_2, golden_pit, hallway_of_sentries,
          crystal_vault_4, iron_vault_2, final_vault]

Skill      XL: |  1  2  3  4  5  6  7  8  9 |
---------------+----------------------------+-----
Dodging        | 3 4 5 6 7 8 |  8.2
Unarmed Combat | 7 8 10 12 13 14 | 14.9
Fighting       | 2 3 4 5 6 |  6.8
Spellcasting   | 3 4 5 6 7 8 |  8.5
Transmutations | 3 4 5 6 7 8 9 |  9.1
Stealth        | 2 3 4 |  4.0
Ice Magic      | 1 3 |  3.1
Poison Magic   | 1 2 |  2.0

Action                   |  1- 3 |  4- 6 |  7- 9 || total
-------------------------+-------+-------+-------++-------
Melee: Unarmed           |    18 |    37 |    53 ||   108
       Kick              |     9 |     6 |       ||    15
       Tailslap          |     4 |     3 |       ||     7
       Headbutt          |     1 |       |       ||     1
       Punch             |       |     1 |     1 ||     2
 Cast: Beastly Appendage |     3 |     2 |       ||     5
       Wereblood         |       |     1 |     4 ||     5
       Ice Form          |       |     1 |     3 ||     4
       Spider Form       |       |       |     1 ||     1
  Use: Potion            |     1 |       |     5 ||     6
       Scroll            |       |       |     1 ||     1
 Stab: Sleeping          |       |       |     1 ||     1
Armor: Skin              |     7 |     7 |     5 ||    19
Dodge: Dodged            |    17 |    16 |    29 ||    62

Table legend: (Time is in decaauts)
 A = Elapsed time spent in this place.
 B = Non-inter-level travel time spent in this place.
 C = Inter-level travel time spent in this place.
 D = Time resting spent in this place.
 E = Time spent auto-exploring this place.
 F = Levels seen in this place.
 G = Mean time per level.
                   A        B        C        D        E       F      G
               +--------+--------+--------+--------+--------+-----+--------+
         Total |   1478 |   1478 |      0 |    963 |     35 |   1 | 1478.0 |
       Dungeon |   1478 |   1478 |      0 |    963 |     35 |   1 | 1478.0 |
               +--------+--------+--------+--------+--------+-----+--------+

Top non-repeatable levels by time:
       D: 1478 daAuts
